 Dungeon Crawl Stone Soup version 0.29.0-15-g675c0067aa (webtiles) character file.

Game seed: 9558136777624700873

5 Flugkiller the Firebug (level 1, 0/10 HPs)
             Began as a Kobold Fire Elementalist on Sept 11, 2022.
             Slain by a quokka (3 damage)
             ... on level 1 of the Dungeon.
             The game lasted 00:00:19 (445 turns).

Flugkiller the Firebug (Kobold Fire Elementalist)    Turns: 445, Time: 00:00:20

Health: 0/10       AC:  2    Str:  5    XL:     1   Next: 88%
Magic:  2/3        EV: 15    Int: 16    God:
Gold:   0          SH:  0    Dex: 15    Spells: 3/4 levels left

rFire   . . .      SeeInvis .   (weapon restricted)
rCold   . . .      Faith    .   (no shield)
rNeg    . . .      Spirit   .   a - +0 robe
rPois   .          Reflect  .   (no helmet)
rElec   .          Harm     .   (no cloak)
rCorr   .          Rampage  .   (no gloves)
Will    .....                   (no boots)
Stlth   +++.......              (no amulet)
HPRegen 0.03/turn               (no ring)
MPRegen 0.08/turn               (no ring)

@: no status effects
A: small, no large weapons, nightstalker 3
a: no special abilities


You were on level 1 of the Dungeon.
You visited 1 branch of the dungeon, and saw 1 of its levels.

Inventory:

Armour
 a - a +0 robe (worn)
Scrolls
 c - a scroll of amnesia {unknown}
Potions
 b - a potion of magic
 d - a potion of haste {unknown}


   Skills:
 - Level 2.4 Dodging
 - Level 2.6 Stealth
 + Level 2.3 Spellcasting
 + Level 1.2 Conjurations
 + Level 3.1 Fire Magic


You had 3 spell levels left.
You knew the following spells:

 Your Spells              Type           Power      Damage    Failure   Level
a - Foxfire               Conj/Fire      32%        2x1d5     9%          1

Your spell library contained the following spells:

 Spells                   Type           Power      Damage    Failure   Level
 Scorch                   Fire           22%        2d6       9%          2
 Conjure Flame            Conj/Fire      8%         6-21      24%         3
 Inner Flame              Hex/Fire       6%         N/A       32%         3
 Flame Wave               Conj/Fire      8%         2d5       63%         4


Dungeon Overview and Level Annotations

Branches:
Dungeon (1/15)

Altars:


Innate Abilities, Weirdness & Mutations

You are small and have problems with some larger weapons.
You are completely attuned to the shadows.


Message History

You start resting.
Your magical contamination has completely faded away.
Magic restored.
You open the door.
There is an open door here.
Found a whip.
Found an escape hatch in the floor.
There is an escape hatch in the floor here.
Found a stone staircase leading down.
You open the door.
A kobold comes into view. It is wielding a +0 short sword.
A kobold is nearby!
A kobold is nearby!
You conjure some foxfire!
Found a scroll labelled NEXTU XAMIOMU.
The foxfire hits the kobold.
The kobold is moderately wounded.
The kobold shouts!
The foxfire hits the kobold.
You kill the kobold!
c - a scroll labelled NEXTU XAMIOMU You open the door.
There is an open door here.
An endoplasm comes into view.
An endoplasm is nearby!
An endoplasm is nearby!
You conjure some foxfire!
You conjure some foxfire!
Your foxfire dissipates!
The foxfire hits the endoplasm.
The endoplasm is heavily wounded.
The endoplasm quivers.
The foxfire hits the endoplasm.
The endoplasm is severely wounded.
You conjure some foxfire!
The endoplasm hits you but does no damage.
Your foxfire dissipates!
The foxfire hits the endoplasm.
You kill the endoplasm!
You open the door.
There is an open door here.
Found a scale mail.
You open the door.
There is an open door here.
You open the door.
A rat and a bat come into view.
The bat hits you but does no damage.
There is an open door here.
There are monsters nearby!
You conjure some foxfire!
The bat barely misses you. The bat hits you.
Your foxfire dissipates!
Found 5 stones.
The foxfire hits the bat.
The bat is moderately wounded.
The bat misses you. The rat barely misses you. The bat completely misses you.
The rat misses you. The rat completely misses you.
You conjure some foxfire!
The bat barely misses you. The rat misses you.
The rat attacks as you move away! The rat bites you.
The foxfire hits the rat.
You kill the rat!
The foxfire hits the bat.
You kill the bat!
You conjure some foxfire!
You start resting.
Your foxfire dissipates! x2
Magic restored.
HP restored.
d - a blue potion You open the door.
There is an open door here.
You open the door.
There is an open door here.
Found a book of Geomancy.
You open the door.
There is an open door here.
An endoplasm and a quokka come into view.
There are monsters nearby!
The quokka twitches its whiskers.
There is an open door here.
You see here a book of Geomancy.
The quokka attacks as you move away! The quokka closely misses you.
You hit the quokka but do no damage. The quokka bites you.
There are no items here.
You completely miss the quokka. The quokka misses you. The quokka bites you.
You barely miss the quokka. The quokka misses you.
You hit the quokka.
The quokka is heavily wounded.
The quokka bites you.
You are too injured to fight recklessly!
The quokka attacks as you move away! The quokka closely misses you. x2
The quokka attacks as you move away! The quokka barely misses you.
The quokka attacks as you move away! The quokka closely misses you.
The quokka attacks as you move away! The quokka bites you.
* * * LOW HITPOINT WARNING * * *
You are too injured to fight recklessly!
You are too injured to fight recklessly!
You are too injured to fight recklessly!
You are too injured to fight recklessly!
Casting: Foxfire (safe; 9% risk of failure)
Confirm with . or Enter, or press ? or * to list all spells.
You conjure some foxfire!
The quokka closely misses you. The quokka bites you.
You die...

############ #.#.# #..........#
#.#.# #..........# #.#.#
#..........######.#.# ####
#..........'......#.#
...#####..........########.#
#......#..........'......#.#
#......#.......v.v######.#.#####
'......'........@r......:.......
#......##.#.############+#'#####
.[.....##.#.# .........#
.......##(#.# ......##.#
.......##.#.# ......# .#
.......# ##+#### .# .......# J#
##'#### ##.####


You could see a quokka (ally target).

Vanquished Creatures
  A bat (D:1)
  2 endoplasms (D:1)
  A kobold (D:1)
  A rat (D:1)
5 creatures vanquished.

Vanquished Creatures (others)
  15 foxfires (D:1)
15 creatures vanquished.

Grand Total: 20 creatures vanquished

Notes
Turn   | Place    | Note
-------+----------+-------------------------------------------
     0 | D:1      | Flugkiller the Kobold Fire Elementalist began the quest for
                  | the Orb.
     0 | D:1      | Reached XP level 1. HP: 10/10 MP: 3/3
   445 | D:1      | Slain by a quokka

Illustrated notes

Levels and vault maps discovered:
D:1:      evilmike_arrival_hilbert_curve, layout_basic

Action                   || total
-------------------------++-------
Melee: Unarmed           ||     4
 Cast: Foxfire           ||    10
Armor: Robe              ||     2
Dodge: Dodged            ||    16
